 Dungeon Crawl Stone Soup version 0.28-a0-297-g99b01970c5 (webtiles) character file.

Game seed: 12550456731708833529

517425 Majang the Eclecticist (level 23, -10/235 HPs)
             Began as a Demigod Conjurer on Aug 23, 2021.
             Killed from afar by a golden dragon (109 damage)
             ... with a bolt of fire
             ... on level 5 of the Vaults on Aug 29, 2021.
             The game lasted 07:19:23 (81593 turns).

Majang the Eclecticist (Demigod Conjurer)          Turns: 81593, Time: 07:19:23

Health: -10/235    AC: 41    Str:  3    XL:     23   Next: 41%
Magic:  16/53      EV: 16    Int: 64    God:
Gold:   1675       SH: 10    Dex: 12    Spells: 7/61 levels left

rFire   x . .      SeeInvis .   b - staff of earth
rCold   + . .      Faith    .   m - +0 buckler {AC+3}
rNeg    + + .      Spirit   .   (armour currently unavailable)
rPois   ∞          Reflect  +   S - +2 helmet {Int+3}
rElec   +          Harm     .   X - +1 cloak
rCorr   .          Rampage  .   (gloves currently unavailable)
Will    ++...                   (boots currently unavailable)
Stlth   +++.......              h - amulet of reflection
HPRegen 0.49/turn               N - ring of Tiowaresh {Ice Will+ Str-5 Int+9}
MPRegen 0.33/turn               H - ring "Lujar" {rN+ Will+ Int+4 Stlth+}

@: statue-form, weak-willed, corroded, very slightly contaminated, very slow
A: slow and powerful, torment resistance 1, boosted hp, high mp 1, forlorn,
sense surroundings 1
}: 2/15 runes: decaying, gossamer
a: End Transformation


You were on level 5 of the Vaults.
You were a living statue of rough stone.
You visited 8 branches of the dungeon, and saw 44 of its levels.
You visited 1 bazaar.
You also visited: Ice Cave and Wizlab.

You collected 5844 gold pieces.
You spent 4169 gold pieces at shops.

Inventory:

Hand Weapons
 d - the +4 long sword of Misery {drain, SInv}
   (You found it on level 5 of the Depths)

   A truly terrible weapon, it drains the life of any living foe it strikes.
   SInv:      It lets you see invisible.
Missiles
 u - 9 silver boomerangs
Armour
 l - a +1 robe of resistance (melded)
 m - a +0 buckler of protection (worn)
 C - a +1 pair of gloves (melded)
 G - a +2 pair of boots (melded)
 S - a +2 helmet of intelligence (worn)
 X - a +1 cloak (worn)
Magical Staves
 a - a staff of cold
 b - a staff of earth (weapon)
 t - a staff of conjuration
Jewellery
 h - an amulet of reflection (around neck)
 B - the ring "Mompimm" {Ice rN++ Int+4 Dex+4}
   (You found it in an ice cave)

   [ring of ice]

   It enhances your ice magic.
   Int:       It affects your intelligence (+4).
   Dex:       It affects your dexterity (+4).
   rF:        It makes you vulnerable to fire.
   rC:        It protects you from cold.
   rN:        It greatly protects you from negative energy.
 H - the ring "Lujar" (right fist) {rN+ Will+ Int+4 Stlth+}
   (You bought it in a shop in a bazaar)

   [ring of positive energy]

   Int:       It affects your intelligence (+4).
   rN:        It protects you from negative energy.
   Will:      It increases your willpower.
   Stlth:     It makes you more stealthy.
 N - the ring of Tiowaresh (left fist) {Ice Will+ Str-5 Int+9}
   (You bought it in a shop on level 2 of the Depths)

   [ring of ice]

   It enhances your ice magic.
   Str:       It affects your strength (-5).
   Int:       It affects your intelligence (+9).
   rF:        It makes you vulnerable to fire.
   rC:        It protects you from cold.
   Will:      It increases your willpower.
 O - the amulet "Iblof" {rElec Will++ Regen+}
   (You took it off a deep elf death mage on level 3 of the Elven Halls)

   [amulet of regeneration]

   rElec:     It insulates you from electricity.
   Regen:     It increases your rate of health regeneration.
   Will:      It greatly increases your willpower.
 Q - the ring "Ischuinlo" {rF+ rC+ Str+4}
   (You took it off a deep elf annihilator on level 3 of the Elven Halls)

   [ring of protection from fire]

   Str:       It affects your strength (+4).
   rF:        It protects you from fire.
   rC:        It protects you from cold.
Wands
 e - a wand of acid (22)
 s - a wand of digging (9)
 w - a wand of flame (101)
 V - a wand of paralysis (13)
 W - a wand of iceblast (33)
Scrolls
 c - 4 scrolls of magic mapping
 g - 3 scrolls of blinking
 y - 2 scrolls of fear
 z - 15 scrolls of teleportation
 D - 10 scrolls of amnesia
 F - 2 scrolls of immolation
 T - 12 scrolls of fog
 Z - a scroll of holy word
Potions
 j - 9 potions of heal wounds
 k - 10 potions of flight
 n - 14 potions of brilliance
 o - 2 potions of magic
 p - 13 potions of curing
 v - 3 potions of cancellation
 x - 3 potions of invisibility
 E - 9 potions of mutation
 I - 4 potions of haste
 J - 8 potions of might
 K - 7 potions of ambrosia
 L - 2 potions of resistance
Miscellaneous
 A - a condenser vane (inert)
 R - a tin of tremorstones (2/2)


   Skills:
 - Level 10.0 Fighting
 - Level 10.0 Staves
 - Level 3.2 Armour
 - Level 10.0 Dodging
 - Level 1.7 Stealth
 - Level 4.0 Shields
 * Level 19.6 Spellcasting
 + Level 17.3 Conjurations
 - Level 10.0 Transmutations
 + Level 15.7 Ice Magic
 + Level 15.5 Earth Magic
 - Level 10.0 Evocations


You had 7 spell levels left.
You knew the following spells:

 Your Spells              Type           Power      Damage    Failure   Level
a - Ozocubu's Armour      Ice            100%       N/A       0%          3
b - Iskenderun's Mystic   Conj/Tloc      100%       2d19      1%          4
c - Lehudib's Crystal Sp  Conj/Erth      80%        10d18     1%          8
f - Statue Form           Tmut/Erth      98%        N/A       1%          6
h - Hailstorm             Conj/Ice       100%       3d20      0%          4
i - Iron Shot             Conj/Erth      80%        9d15      1%          6
l - Lee's Rapid Deconstr  Erth           78%        3d36*     0%          5
o - Ozocubu's Refrigerat  Ice            79%        4d20      1%          7
q - Shatter               Erth           78%        3d57*     22%         9
w - Passwall              Tmut/Erth      100%       N/A       0%          2

Your spell library contained the following spells:

 Spells                   Type           Power      Damage    Failure   Level
 Beastly Appendage        Tmut           100%       N/A       0%          1
 Magic Dart               Conj           100%       1d8       0%          1
 Shock                    Conj/Air       100%       1d9       0%          1
 Sting                    Tmut/Pois      100%       1d8       0%          1
 Ensorcelled Hibernation  Hex/Ice        100%       N/A       0%          2
 Searing Ray              Conj           100%       3d7       0%          2
 Dazzling Flash           Conj/Hex       100%       N/A       0%          3
 Frozen Ramparts          Ice            100%       1d12      0%          3
 Stone Arrow              Conj/Erth      100%       3d13      0%          3
 Ice Form                 Ice/Tmut       100%       N/A       0%          4
 Petrify                  Tmut/Erth      100%       N/A       0%          4
 Iskenderun's Battlesphe  Conj           100%       2d15      0%          5
 Animate Skeleton         Necr           100%       N/A       1%          1
 Apportation              Tloc           100%       N/A       1%          1
 Corona                   Hex            64%        N/A       1%          1
 Summon Small Mammal      Summ           100%       N/A       1%          1
 Call Imp                 Summ           58%        N/A       1%          2
 Poisonous Vapours        Pois/Air       100%       N/A       1%          2
 Slow                     Hex            58%        N/A       1%          2
 Call Canine Familiar     Summ           58%        N/A       1%          3
 Confusing Touch          Hex            58%        N/A       1%          3
 Gell's Gravitas          Tloc           29%        N/A       1%          3
 Ignite Poison            Fire/Tmut/Pois 81%        N/A       1%          3
 Mephitic Cloud           Conj/Pois/Air  95%        N/A       1%          3
 Portal Projectile        Hex/Tloc       100%       N/A       1%          3
 Summon Guardian Golem    Hex/Summ       58%        N/A       1%          3
 Swiftness                Air            58%        N/A       1%          3
 Teleport Other           Tloc           58%        N/A       1%          3
 Vampiric Draining        Necr           29%        2d10      1%          3
 Airstrike                Air            29%        N/A       1%          4
 Animate Armour           Summ/Erth      100%       N/A       1%          4
 Fulminant Prism          Conj/Hex       54%        3d23      1%          4
 Leda's Liquefaction      Hex/Erth       63%        N/A       1%          4
 Olgreb's Toxic Radiance  Pois           58%        N/A       1%          4
 Passage of Golubria      Tloc           N/A        N/A       1%          4
 Summon Ice Beast         Ice/Summ       100%       N/A       1%          4
 Alistair's Intoxication  Tmut/Pois      60%        N/A       1%          5
 Blade Hands              Tmut           56%        N/A       1%          5
 Bolt of Magma            Conj/Fire/Erth 70%        4d27      1%          5
 Fireball                 Conj/Fire      54%        3d21      1%          5
 Metabolic Englaciation   Hex/Ice        64%        N/A       1%          5
 Conjure Ball Lightning   Conj/Air       54%        3x3d20    1%          6
 Simulacrum               Ice/Necr       64%        N/A       1%          6
 Starburst                Conj/Fire      54%        6d15      1%          6
 Orb of Destruction       Conj           68%        9d18      1%          7
 Excruciating Wounds      Necr           29%        N/A       3%          5
 Silence                  Hex/Air        29%        N/A       3%          5
 Summon Forest            Summ/Tloc      29%        N/A       3%          5
 Summon Mana Viper        Hex/Summ       58%        N/A       3%          5
 Dispersal                Tloc           29%        N/A       21%         6
 Invisibility             Hex            29%        N/A       21%         6
 Necromutation            Tmut/Necr      45%        N/A       73%         8
 Chain Lightning          Conj/Air       54%        3d72      98%         9
 Fire Storm               Conj/Fire      54%        8d14      98%         9
 Borgnjor's Revivificati  Necr           29%        N/A       100%        8
 Death's Door             Necr           29%        N/A       100%        9


Dungeon Overview and Level Annotations

Branches:
Dungeon (15/15)            Temple (0/1) D:7            Lair (6/6) D:8
  Swamp (4/4) Lair:2       Spider (4/4) Lair:2        Slime (0/5) Lair:6
    Orc (2/2) D:11            Elf (3/3) Orc:2        Vaults (5/5) D:14
  Crypt (0/3) Vaults:2     Depths (5/5) D:15            Zot (0/5) Depths:5
  IceCv (visited)          WizLab (visited)

Shops:
D:8 *   Orc:2 [*=(   Elf:1 *   Elf:3 (   Depths:2 :=:

Portals:
Hell: Depths:1 Depths:2 Depths:3 Depths:4 Depths:5
Abyss: Lair:6 Depths:1 Depths:2 Depths:4
Pandemonium: Depths:1 Depths:2 Depths:3 Depths:4
Ziggurat: Depths:2
Trove: Vaults:3 (give 5 scrolls of blinking)


Innate Abilities, Weirdness & Mutations

You are a living statue of rough stone.
Your actions are slow, but your melee attacks are powerful.
You are resistant to unholy torment.
Your maximum health is greatly increased.
You are immune to poison.
Your equipment is partially melded.
Your attributes grow dramatically as you level up.
You have an increased reservoir of magic. (+10% MP)
You shall have no god before yourself.
You passively map a small area around you.


Message History

You feel much better.
The tengu reaver points at you and mumbles some strange words.
The bolt of acid hits you but does no damage.
The acid corrodes you!
The deep elf high priest hits you but does no damage.
An ironbound preserver comes into view. It is wielding a +0 dire flail.
Unknown command.
Magic courses through your body.
The ironbound preserver is empowered by the deep elf high priest's aura!
The deep elf high priest hits you but does no damage.
The tengu reaver gestures at you while chanting.
The bolt of cold misses you.
The deep elf high priest utters a dark prayer and points at you.
Your life force is offered up.
The frost giant is healed.
The storm dragon is healed.
The tengu reaver is healed.
The vault guard is healed.
b - a staff of earth (weapon)
Unknown command.
Casting: Shatter (dangerous; 22% risk of failure)
Confirm with . or Enter, or press ? or * to list all spells.
You feel a surge of power!
The dungeon rumbles!
You kill the vault guard!
You kill the deep elf high priest!
You kill the tengu reaver!
You kill the storm dragon!
The storm dragon scales are intact enough to wear.
You kill the ironbound preserver!
You kill the frost giant!
Ka-crash!
You hear a deafening roar! x2; You hear a shout! x3
You hear a roar!
You hear a deafening roar!
You hear a shout!
A phantasmal warrior comes into view.
The phantasmal warrior gestures at you.
The phantasmal warrior blinks!
A golden dragon comes into view.
Found a dagger.
The phantasmal warrior hits you.
A golden dragon comes into view.
An ironbound preserver comes into view.
It is wielding a +6 quarterstaff of speed.
The phantasmal warrior hits you.
Your willpower is stripped away!
The phantasmal warrior barely misses you.
The golden dragon breathes fire at you. The bolt of fire hits you!!!!
The fire burns you terribly!
You die...

**,*,,,*,***,*,#)...#,,*,,,,,,,,,
*,***,*,,,*,***#....#^.#,,,,,,,,,
,,,*,***,*,,,*,#)[..#...,,,,*,*,*
*,*,,,*,***,*,,#)...#...,,,,*,,,,
,***,*,,,#,*##,#.)).....,,***,,,,
,,*,***,*...#.##....#...,,,,,,,**
,*,,,*,***,#p.D..W..#..#,,*,,,,*,
***,*,,,*,*##.#.........,,,,,,,+,
,*,***,*,,,#.#..8...#..#,,*,,,,*,
*,,,*,***,#.)..#.)..#,..,,,,,,,**
**,*,,,*,*##.#.#?......#,,***,,,,
*,***,*,,,#D####....#...,,,,*,,,,
,,,*,***,#..,*,#.......[.,,,*,*,*
*,*,,,*,*##,*,,#....#..[,,,,,,,,,
,***,*,,,#.*#*,#....#.)#,,,,,,,,,
,,*,***,*...#[*#....#[)###,,*,*^*
,*,,,*,**#..(.Q#.[[.#[....,,,,,,,


You could see 2 golden dragons and a phantasmal warrior.

Vanquished Creatures
  Mara (Spider:4)
  Bai Suzhen (Swamp:3)
  Saint Roka (Orc:2)
  Frederick (Vaults:2)
  4 golden dragons
  A bone dragon (Depths:5)
  Rupert (D:12)
  2 tentacled monstrosities
  Mlioglotl (Lair:2)
  A lich (Depths:1)
  Jorgrun (D:12)
  Asterion (Elf:3)
  2 quicksilver dragons
  3 deep elf master archers
  4 deep elf blademasters
  3 titans (Vaults:5)
  An ancient champion (Vaults:2)
  8 sphinxes
  A thorn hunter (Swamp:3)
  Kirke (Spider:4)
  4 storm dragons
  3 shadow dragons
  Donald (Swamp:1)
  A draconian monk (Depths:5)
  3 tengu reavers (Vaults:5)
  2 azure jellies (IceCv)
  7 fire giants
  14 frost giants
  2 ghost moths (Spider:4)
  6 deep elf sorcerers
  Aizul (Swamp:2)
  7 emperor scorpions
  4 iron dragons
  3 orc warlords
  14 vault wardens
  18 ironbound preservers
  5 deep elf elementalists
  13 very ugly things
  A quicksilver ooze (IceCv)
  A reaper (Depths:2)
  The ghost of Sytt the Brawler, a journeyman DrTm of Jiyva (D:13)
  8 deep elf demonologists
  16 stone giants
  3 vampire knights
  5 entropy weavers
  6 deep elf annihilators (Elf:3)
  9 spark wasps
  A white draconian (Depths:5)
  4 bunyips
  3 eleionomae (Swamp:3)
  A purple draconian (Depths:5)
  2 yellow draconians (Depths:5)
  A red draconian (Depths:5)
  3 green deaths
  11 ettins
  2 merfolk impalers
  7 yaktaur captains
  12 deep elf death magi
  6 deep elf high priests
  A fire dragon (shapeshifter) (Depths:2)
  Fannar (Orc:1)
  10 great orbs of eyes
  7 fire dragons
  Erolcha (D:10)
  5 ironbound thunderhulks
  Josephine (D:14)
  8 ice dragons
  A peacekeeper (Vaults:3)
  3 spriggan air magi
  37 vault guards
  2 rakshasas
  8 boulder beetles
  2 ogre magi
  A ghost crab (Swamp:1)
  A hell beast (Swamp:4)
  8 ironbound frosthearts
  A catoblepas (Lair:5)
  18 hydras
  An anaconda (shapeshifter) (Vaults:1)
  8 centaur warriors
  An anaconda (Swamp:3)
  8 two-headed ogres
  30 dancing weapons
  Erica (Orc:1)
  15 alligators
  11 tengu warriors
  8 deep troll earth magi
  3 vampire magi
  A hell hog (Depths:2)
  8 deep troll shamans
  Urug (D:10)
  2 spriggan berserkers
  5 thrashing horrors
  A sun demon (Depths:2)
  5 ironbound beastmasters
  Sonja (Lair:4)
  14 hell knights
  An orc high priest (Orc:2)
  15 deep elf knights
  3 soul eaters
  3 large abominations
  3 goliath frogs
  10 iron trolls
  A sixfirhy (Depths:2)
  A skeletal warrior (Vaults:2)
  59 deep trolls
  2 flayed ghosts
  3 spriggan druids (Swamp:3)
  18 bog bodies
  4 glowing orange brains
  19 wizards
  15 deep elf archers
  A lindwurm (shapeshifter) (Vaults:1)
  Pikel (D:6)
  A phantasmal warrior (Vaults:4)
  8 lindwurms
  4 swamp dragons
  A shadow dragon zombie (Depths:1)
  16 ironbound convokers
  18 orb spiders
  19 orc knights
  8 necromancers
  6 wolf spider zombies (Spider:3)
  5 harpies (Vaults:1)
  A harpy (shapeshifter) (D:14)
  2 spectral wolf spiders (Spider:3)
  3 oklob plants (Lair:6)
  A mana viper (shapeshifter) (Depths:2)
  32 deep elf pyromancers
  24 deep elf zephyrmancers
  16 wolf spiders
  A cyclops (D:15)
  53 ugly things
  2 orc sorcerers (Orc:2)
  6 will-o-the-wisps
  A wolf spider (shapeshifter) (Depths:2)
  A stone giant zombie (Depths:1)
  A fire giant zombie (Depths:1)
  A moth of wrath (Spider:3)
  2 human zombies (Vaults:1)
  Maurice (D:9)
  A fire giant skeleton (Depths:1)
  17 elephants
  2 manticores
  9 black mambas
  A gargoyle (D:12)
  3 smoke demons
  An ice statue (IceCv)
  2 rust devils
  12 vault sentinels
  A torpor snail (Lair:5)
  An eye of devastation (Depths:2)
  A hellion (Depths:2)
  A kobold demonologist (D:13)
  19 yaktaurs
  Maggie (D:7)
  16 cane toads
  4 rime drakes
  A freezing wraith (D:14)
  8 komodo dragons
  4 entropy weaver simulacra (IceCv)
  2 unseen horrors
  Psyche (D:12)
  6 tengu conjurers
  A yaktaur zombie (Vaults:1)
  A komodo dragon (shapeshifter) (Lair:6)
  10 demonic crawlers
  A red devil (WizLab)
  A tormentor (WizLab)
  3 hellwings
  5 tyrant leeches
  A polar bear (Lair:3)
  6 trolls
  2 bloated husks
  9 meliai
  An ancient zyme (Lair:6)
  23 jumping spiders
  57 slime creatures
  16 blink frogs
  5 wolf spider simulacra (Spider:3)
  Prince Ribbit (Lair:3)
  13 hornets
  2 hornets (shapeshifter)
  A raiju (shapeshifter) (Vaults:5)
  5 dream sheep (Lair:5)
  A spriggan zombie (Depths:1)
  2 ynoxinuls
  A centaur simulacrum (D:13)
  27 tarantellas
  36 yaks
  9 spriggans
  4 air elementals
  4 shadows (Swamp:4)
  91 redbacks
  4 wyverns
  11 water elementals
  9 wraiths
  3 fire elementals
  2 steam dragons
  5 chaos spawn
  9 basilisks
  6 hogs (Spider:4)
  A warg (shapeshifter) (Lair:6)
  14 vampire mosquitoes
  3 wargs
  Duvessa (D:7)
  2 acid dragons
  13 swamp worms
  A demonic crawler simulacrum (IceCv)
  2 swamp drakes (Swamp:1)
  26 water moccasins
  2 floating eyes
  2 ice beasts
  2 sky beasts
  3 ugly thing simulacra (IceCv)
  3 black bears
  3 necrophages
  32 orc warriors
  5 ogres
  A boggart (Elf:1)
  3 wolves (Lair:3)
  4 centaurs
  A phantom (D:5)
  3 lemures (D:6)
  2 kobold brigands (D:10)
  Blork the orc (Orc:2)
  3 gnoll sergeants
  20 bullfrogs
  13 small abominations
  3 glowing shapeshifter simulacra (IceCv)
  3 scorpions (D:8)
  2 earth elementals
  A water moccasin skeleton (D:4)
  Dowan (D:7)
  2 troll zombies (Swamp:2)
  10 wights
  3 electric eels
  6 centaur zombies
  A hound (D:4)
  16 orc priests
  4 jellies
  Crazy Yiuf (D:3)
  2 gnoll shamans
  6 iguanas
  2 lightning spires (Swamp:1)
  28 orc wizards
  A hound zombie (D:5)
  16 gnolls
  7 adders
  14 white imps
  An adder skeleton (D:4)
  3 dart slugs
  80 orcs
  A bat zombie (Depths:2)
  11 endoplasms
  5 giant cockroaches
  4 goblins
  5 hobgoblins
  14 kobolds
  2 quokkas
  8 ball pythons
  3 bats
  4 frilled lizards
  3 rats
  2 rat zombies (Depths:2)
  A ball lightning (Swamp:1)
1827 creatures vanquished.

Vanquished Creatures (others)
  2 deep elf knights (Elf:2)
  A goliath frog (Swamp:1)
  2 entropy weaver simulacra (IceCv)
  2 demonic crawler simulacra (IceCv)
  2 glowing shapeshifter simulacra (IceCv)
  A ball lightning (Swamp:1)
  38 foxfires
  90 fungi
  131 plants
269 creatures vanquished.

Grand Total: 2096 creatures vanquished

Notes
Turn   | Place    | Note
-------+----------+-------------------------------------------
     0 | D:1      | Majang the Demigod Conjurer began the quest for the Orb.
     0 | D:1      | Reached XP level 1. HP: 14/14 MP: 5/5
    51 | D:1      | Reached skill level 2 in Spellcasting
   362 | D:1      | Reached XP level 2. HP: 20/20 MP: 3/7
   439 | D:1      | Learned a level 2 spell: Searing Ray
  1006 | D:1      | Reached XP level 3. HP: 26/26 MP: 7/9
  1446 | D:2      | Reached skill level 3 in Spellcasting
  2519 | D:3      | Reached XP level 4. HP: 33/33 MP: 5/11
  3403 | D:3      | Found a runed translucent door.
  3404 | D:3      | Noticed Crazy Yiuf
  3410 | D:3      | Killed Crazy Yiuf
  3596 | D:4      | Reached XP level 5. HP: 38/38 MP: 6/13
  4042 | D:4      | Noticed a necrophage
  4049 | D:4      | Killed a necrophage
  4050 | D:4      | Reached skill level 1 in Fighting
  4050 | D:4      | Reached skill level 1 in Staves
  4050 | D:4      | Reached skill level 4 in Spellcasting
  4050 | D:4      | Reached XP level 6. HP: 47/47 MP: 6/15
  4194 | D:4      | Reached skill level 5 in Conjurations
  4553 | D:4      | Learned a level 4 spell: Iskenderun's Mystic Blast
  4619 | D:5      | Entered Level 5 of the Dungeon
  4783 | D:5      | Learned a level 3 spell: Ozocubu's Armour
  4955 | D:5      | Reached XP level 7. HP: 45/52 MP: 6/17
  5288 | D:5      | Reached skill level 1 in Armour
  5517 | D:5      | Reached skill level 1 in Evocations
  5544 | D:5      | Reached skill level 1 in Ice Magic
  5997 | D:6      | Noticed Pikel
  6110 | D:6      | Killed Pikel
  6111 | D:6      | Reached skill level 5 in Spellcasting
  6111 | D:6      | Reached XP level 8. HP: 62/62 MP: 3/19
  6226 | D:6      | Noticed a troll
  6233 | D:6      | Killed a troll
  7361 | D:7      | Found a staircase to the Ecumenical Temple.
  7404 | D:7      | Reached XP level 9. HP: 69/69 MP: 15/21
  7864 | D:7      | Reached skill level 6 in Spellcasting
  8180 | D:7      | Noticed Maggie
  8187 | D:7      | Killed Maggie
  8648 | D:7      | Noticed Duvessa
  8648 | D:7      | Noticed Dowan
  8651 | D:7      | Killed Dowan
  8662 | D:7      | Killed Duvessa
  8765 | D:7      | Upgraded the game from 0.28-a0-239-g68911e0c57 to
                  | 0.28-a0-241-gfbb0926a3a
  8887 | D:8      | Learned a level 6 spell: Statue Form
  8890 | D:8      | Found a staircase to the Lair.
  9000 | D:8      | Noticed a two-headed ogre
  9070 | D:8      | Killed a two-headed ogre
  9071 | D:8      | Reached skill level 1 in Transmutations
  9071 | D:8      | Reached skill level 1 in Earth Magic
  9071 | D:8      | Reached XP level 10. HP: 25/78 MP: 15/23
  9550 | D:8      | Found Vuorress's General Store.
  9950 | D:8      | Bought a potion of brilliance for 52 gold pieces
  9950 | D:8      | Bought a scroll of enchant weapon for 97 gold pieces
  9950 | D:8      | Bought a wand of iceblast (10) for 182 gold pieces
 10398 | Lair:1   | Entered Level 1 of the Lair of Beasts
 10646 | Lair:1   | Noticed a black mamba
 10659 | Lair:1   | Killed a black mamba
 10935 | D:8      | Gained mutation: Your system is resistant to poisons.
                  | (rPois) [potion of mutation]
 10935 | D:8      | Gained mutation: You do not regenerate when monsters are
                  | visible. [potion of mutation]
 10935 | D:8      | Gained mutation: You have a considerably increased
                  | reservoir of magic. (+20% MP) [potion of mutation]
 11698 | Lair:1   | Reached skill level 5 in Dodging
 11796 | Lair:1   | Learned a level 4 spell: Hailstorm
 12697 | Lair:2   | Noticed a black mamba
 12708 | Lair:2   | Killed a black mamba
 12709 | Lair:2   | Reached skill level 7 in Spellcasting
 12709 | Lair:2   | Reached XP level 11. HP: 70/85 MP: 8/27
 12961 | Lair:2   | Found a staircase to the Swamp.
 12962 | Lair:2   | Noticed a bog body
 12965 | Lair:2   | Noticed a bog body
 12969 | Lair:2   | Killed a bog body
 12970 | Lair:2   | Reached skill level 5 in Fighting
 12977 | Lair:2   | Killed a bog body
 12978 | Lair:2   | Reached skill level 5 in Staves
 13293 | Lair:2   | Found a hole to the Spider Nest.
 14165 | Lair:3   | Reached skill level 5 in Evocations
 14326 | Lair:3   | Reached skill level 5 in Ice Magic
 14705 | Lair:3   | Noticed Prince Ribbit
 14708 | Lair:3   | Killed Prince Ribbit
 16234 | Lair:4   | Noticed Sonja
 16236 | Lair:4   | Killed Sonja
 16242 | Lair:4   | Reached XP level 12. HP: 89/95 MP: 19/29
 17438 | Lair:5   | Reached skill level 10 in Conjurations
 17884 | Lair:5   | Noticed a five-headed hydra
 17892 | Lair:5   | Killed a five-headed hydra
 17992 | Lair:5   | Noticed a catoblepas
 18764 | Lair:5   | Killed a catoblepas
 18823 | Lair:6   | Entered Level 6 of the Lair of Beasts
 19027 | Lair:6   | Reached skill level 5 in Earth Magic
 19056 | Lair:6   | Reached skill level 5 in Transmutations
 19062 | Lair:6   | Reached skill level 8 in Spellcasting
 19895 | Lair:6   | Noticed a five-headed hydra
 19900 | Lair:6   | Killed a five-headed hydra
 19901 | Lair:6   | Reached XP level 13. HP: 103/103 MP: 5/32
 22271 | Lair:6   | Found a one-way gate to the infinite horrors of the Abyss.
 22287 | Lair:6   | Identified the +7 dagger of Iblisaonk {vorpal, rPois rC+
                  | Str+2 Stlth-}
 22450 | Lair:6   | Noticed a ghost moth
 22454 | Lair:6   | a ghost moth changed into a boulder beetle
 23243 | D:9      | Noticed Maurice
 23257 | D:9      | Killed Maurice
 23825 | D:10     | Entered Level 10 of the Dungeon
 23826 | D:10     | Noticed Erolcha
 23898 | D:10     | Killed Erolcha
 24317 | D:10     | Noticed Urug
 25059 | D:11     | Found a staircase to the Orcish Mines.
 25234 | D:11     | Identified a scroll of acquirement
 25234 | D:11     | Acquired a book of Iron
 25243 | D:11     | Learned a level 6 spell: Iron Shot
 25349 | D:11     | Reached skill level 9 in Spellcasting
 25863 | Orc:1    | Entered Level 1 of the Orcish Mines
 26580 | Orc:2    | Entered Level 2 of the Orcish Mines
 27011 | Orc:2    | Noticed Blork the orc
 27018 | Orc:2    | Killed Blork the orc
 27024 | Orc:2    | Reached XP level 14. HP: 113/113 MP: 11/34
 27124 | Orc:2    | Found a staircase to the Elven Halls.
 27571 | Orc:2    | Noticed Saint Roka
 28201 | Orc:2    | Killed Saint Roka
 28547 | Orc:2    | Found Qarab's Antique Weapon Boutique.
 28552 | Orc:2    | Found Hymmeimp's General Store.
 28560 | Orc:2    | Bought a scroll of blinking for 75 gold pieces
 28560 | Orc:2    | Bought a potion of heal wounds for 50 gold pieces
 28560 | Orc:2    | Bought a scroll of fog for 20 gold pieces
 28569 | Orc:2    | Found Diz Gago's Antique Armour Boutique.
 28576 | Orc:2    | Bought an embroidered robe for 96 gold pieces
 28576 | Orc:2    | Bought a runed robe for 96 gold pieces
 28576 | Orc:2    | Bought a glowing cloak for 195 gold pieces
 28596 | Orc:2    | Found Imutt's Jewellery Boutique.
 28619 | Orc:2    | Bought a glowing quarterstaff for 196 gold pieces
 28619 | Orc:2    | Bought a runed quarterstaff for 196 gold pieces
 28824 | Orc:1    | Noticed Erica
 28827 | Orc:1    | Killed Erica
 28942 | Orc:1    | Noticed Fannar
 28951 | Orc:1    | Killed Fannar
 29354 | Lair:1   | Upgraded the game from 0.28-a0-241-gfbb0926a3a to
                  | 0.28-a0-245-g639a1a48b9
 30392 | D:12     | Noticed Psyche
 30393 | D:12     | Noticed Rupert
 30397 | D:12     | Killed Psyche
 30405 | D:12     | Killed Rupert
 30624 | D:12     | Noticed Jorgrun
 30634 | D:12     | Killed Jorgrun
 31199 | D:12     | Acquired a staff of conjuration
 31588 | Lair:1   | Learned a level 7 spell: Ozocubu's Refrigeration
 31630 | Spider:1 | Entered Level 1 of the Spider Nest
 31828 | Spider:1 | Reached skill level 10 in Spellcasting
 32040 | Spider:1 | Noticed an emperor scorpion
 32050 | Spider:1 | Killed an emperor scorpion
 33358 | Spider:3 | Reached XP level 15. HP: 121/121 MP: 9/37
 35200 | Spider:4 | Entered Level 4 of the Spider Nest
 35200 | Spider:4 | Noticed Mara
 35205 | Spider:4 | Noticed Majang's illusion
 35214 | Spider:4 | Noticed Majang's illusion
 35214 | Spider:4 | Killed Mara
 35549 | Spider:4 | Identified the +0 pair of gloves "Caduny" {Rampage rElec}
 36631 | Spider:4 | Noticed Kirke
 36664 | Spider:4 | Killed Kirke
 36970 | Spider:4 | Reached skill level 11 in Spellcasting
 37326 | Spider:4 | Reached XP level 16. HP: 113/132 MP: 16/39
 38218 | Spider:4 | Got a gossamer rune of Zot
 38440 | Swamp:1  | Entered Level 1 of the Swamp
 38447 | Swamp:1  | Noticed Mlioglotl
 38578 | Lair:2   | Killed Mlioglotl
 39076 | Swamp:1  | Noticed Donald
 39081 | Swamp:1  | Killed Donald
 39616 | Swamp:1  | Upgraded the game from 0.28-a0-245-g639a1a48b9 to
                  | 0.28-a0-249-g9004c80361
 40450 | Swamp:2  | Noticed Aizul
 40469 | Swamp:2  | Killed Aizul
 40860 | Swamp:2  | Got the Incunabulum of Earthen Changing
 41232 | Swamp:2  | Lost mutation: You do not regenerate when monsters are
                  | visible. [potion of mutation]
 41232 | Swamp:2  | Lost mutation: You have a considerably increased reservoir
                  | of magic. (+20% MP) [potion of mutation]
 41232 | Swamp:2  | Lost mutation: Your system is resistant to poisons. (rPois)
                  | [potion of mutation]
 41232 | Swamp:2  | Gained mutation: You passively map a small area around you.
                  | [potion of mutation]
 42675 | Swamp:3  | Noticed Bai Suzhen
 42683 | Swamp:3  | Killed Bai Suzhen
 42911 | Swamp:3  | Reached XP level 17. HP: 139/139 MP: 24/38
 43154 | Swamp:3  | Reached skill level 12 in Spellcasting
 43626 | Swamp:4  | Entered Level 4 of the Swamp
 43757 | Swamp:3  | Reached skill level 10 in Dodging
 45220 | Swamp:4  | Reached skill level 10 in Fighting
 45222 | Swamp:4  | Reached skill level 10 in Staves
 45982 | Swamp:4  | Got a decaying rune of Zot
 46680 | D:13     | Found a frozen archway.
 46707 | IceCv    | Entered an ice cave
 47533 | IceCv    | Reached skill level 10 in Evocations
 47651 | IceCv    | Reached skill level 1 in Shields
 47856 | IceCv    | Reached skill level 10 in Ice Magic
 47986 | IceCv    | Identified the +0 leather armour "Ovuc" {Harm +Inv Will-
                  | rCorr}
 47991 | IceCv    | Got the ring "Mompimm" {Ice rN++ Int+4 Dex+4}
 48588 | D:13     | Found a runed translucent door.
 48597 | D:13     | Noticed Sytt's ghost (journeyman DrTm)
 48599 | D:13     | Identified the +0 plate armour "Othryato" {Fly rC+ Stlth+}
 48632 | D:13     | Killed Sytt's ghost
 49106 | D:14     | Noticed Josephine
 49112 | D:14     | Killed Josephine
 49538 | D:14     | Found a gate to the Vaults.
 50085 | D:14     | Upgraded the game from 0.28-a0-249-g9004c80361 to
                  | 0.28-a0-261-gc0b50483a2
 50088 | D:15     | Entered Level 15 of the Dungeon
 50914 | D:15     | Reached XP level 18. HP: 147/147 MP: 22/40
 50997 | D:15     | Found a staircase to the Depths.
 51010 | D:15     | Reached skill level 13 in Spellcasting
 51404 | D:10     | Killed Urug
 51845 | Lair:6   | Found a staircase to the Slime Pits.
 52159 | Elf:1    | Entered Level 1 of the Elven Halls
 52169 | Elf:1    | Reached skill level 10 in Earth Magic
 52496 | Elf:1    | Found Vejieluu's General Store.
 52506 | Elf:1    | Bought a potion of haste for 140 gold pieces
 52506 | Elf:1    | Bought a +1 robe of resistance for 457 gold pieces
 53418 | Elf:1    | Reached skill level 10 in Transmutations
 53957 | Elf:2    | Found a magical portal.
 53990 | WizLab   | Entered The Hall of the Hellbinder
 54932 | Elf:2    | Found a runed translucent gate.
 54932 | Elf:2    | Found a runed translucent gate.
 54943 | Elf:2    | Found a runed translucent gate.
 56273 | Vaults:1 | Entered Level 1 of the Vaults
 56338 | Vaults:1 | Reached skill level 14 in Spellcasting
 56495 | Vaults:1 | Learned a level 7 spell: Orb of Destruction
 57333 | Vaults:1 | Reached XP level 19. HP: 154/154 MP: 18/42
 58111 | Vaults:1 | Got the Disquisition on Unholy Magic and Malediction
 59273 | Vaults:2 | Noticed Frederick
 59943 | Vaults:2 | Killed Frederick
 60236 | Vaults:2 | Found a staircase to the Crypt.
 60618 | Vaults:2 | Reached skill level 15 in Spellcasting
 61700 | Vaults:3 | Noticed a golden dragon
 61712 | Vaults:3 | Killed a golden dragon
 62498 | Vaults:3 | Identified the +4 leather armour "Unwaef" {Harm +Inv Str+3}
 62632 | Vaults:3 | Reached XP level 20. HP: 161/161 MP: 26/45
 63334 | Vaults:3 | You fall into a shaft and drop 1 floor!
 63461 | Vaults:4 | Found a flickering gateway to a bazaar.
 63466 | Bazaar   | Entered a bazaar
 63473 | Bazaar   | Found Semupol's Jewellery Shop.
 63487 | Bazaar   | Found Memitt's Weapon Boutique.
 63514 | Bazaar   | Found Guyv's Magic Scroll Boutique.
 63556 | Bazaar   | Found Hacrucw's Book Shop.
 63590 | Bazaar   | Bought a book of Burglary for 336 gold pieces
 63593 | Bazaar   | Learned a level 2 spell: Passwall
 63629 | Bazaar   | Bought a scroll of blinking for 60 gold pieces
 63666 | Bazaar   | Bought the ring "Lujar" {rN+ Will+ Int+4 Stlth+} for 613
                  | gold pieces
 63792 | Vaults:3 | Found a portal to a secret trove of treasure.
 64636 | Vaults:4 | Noticed an ancient lich
 65492 | Vaults:4 | Reached skill level 16 in Spellcasting
 65968 | Vaults:4 | Upgraded the game from 0.28-a0-261-gc0b50483a2 to
                  | 0.28-a0-268-g3f656e82c2
 66415 | Depths:1 | Entered Level 1 of the Depths
 66692 | Depths:1 | Reached skill level 15 in Conjurations
 67064 | Depths:1 | Found a one-way gate leading to the halls of Pandemonium.
 68826 | Depths:1 | Found a gateway to Hell.
 69287 | Depths:2 | Found a gateway to a ziggurat.
 69477 | Depths:2 | Identified the +0 ring mail of the Eleven Ships {-Cast
                  | rElec Str+9 Dex-5}
 70031 | Depths:2 | Reached XP level 21. HP: 168/168 MP: 33/48
 70419 | Depths:2 | Found Qodibaiw's Book Shop.
 70420 | Depths:2 | Found Socemooz's Jewellery Emporium.
 70422 | Depths:2 | Found Hesuydiq's Book Shop.
 70432 | Depths:2 | Bought a book of Blasting for 480 gold pieces
 70439 | Depths:2 | Learned a level 5 spell: Lee's Rapid Deconstruction
 70440 | Depths:2 | Bought the ring of Tiowaresh {Ice Will+ Str-5 Int+9} for
                  | 828 gold pieces
 70733 | Depths:2 | Reached skill level 17 in Spellcasting
 72154 | Depths:2 | Upgraded the game from 0.28-a0-268-g3f656e82c2 to
                  | 0.28-a0-297-g99b01970c5
 72952 | Depths:2 | Identified the +4 quarterstaff of Zin's Regard {spect,
                  | *Corrode rF+++ Str+3 Int-5}
 73836 | Depths:3 | Learned a level 8 spell: Lehudib's Crystal Spear
 74033 | Depths:3 | Identified the +3 ring mail of a Gauntlet {Contam Rampage
                  | Regen+ Str+4}
 74783 | Depths:4 | Noticed a golden dragon
 74788 | Depths:4 | Killed a golden dragon
 75085 | Depths:4 | Reached skill level 18 in Spellcasting
 75549 | Depths:5 | Entered Level 5 of the Depths
 75708 | Depths:5 | Reached XP level 22. HP: 174/174 MP: 38/50
 76162 | Depths:5 | Identified the +4 long sword of Misery {drain, SInv}
 77244 | Depths:5 | Found a gate to the Realm of Zot.
 77598 | Elf:3    | Entered Level 3 of the Elven Halls
 77608 | Elf:3    | Noticed Asterion
 77686 | Elf:3    | Killed Asterion
 78146 | Elf:3    | Paralysed by an air elemental for 1 turns
 78282 | Elf:3    | Found Wear's Antique Weapon Boutique.
 78427 | Elf:3    | Paralysed by an air elemental for 1 turns
 78429 | Elf:3    | Paralysed by an air elemental for 1 turns
 79134 | Elf:3    | Identified the +5 trident of Xogall {flame, +Blink Int+3
                  | Dex+4}
 79140 | Elf:3    | Identified the +7 long sword "Laisoum" {drain, Fragile rN+
                  | Will+ Dex+4}
 79144 | Elf:3    | Reached skill level 15 in Ice Magic
 79429 | Elf:3    | Identified the amulet "Iblof" {rElec Will++ Regen+}
 79916 | Elf:3    | Identified the ring "Ischuinlo" {rF+ rC+ Str+4}
 80069 | Elf:3    | Got the Guide on the Escort
 80246 | Elf:3    | Identified the +11 hand axe of Exquisite Torment {vamp,
                  | Dex+3}
 80520 | Lair:1   | Learned a level 9 spell: Shatter
 81076 | Vaults:5 | Entered Level 5 of the Vaults
 81078 | Vaults:5 | Reached skill level 19 in Spellcasting
 81078 | Vaults:5 | Reached skill level 15 in Earth Magic
 81092 | Vaults:5 | Reached XP level 23. HP: 181/181 MP: 37/52
 81593 | Vaults:5 | Killed from afar by a golden dragon

Illustrated notes

Levels and vault maps discovered:
D:1:      saegor_arrival_simple_a, layout_loops_ring, minmay_tromino_i2
D:2:      layout_loops_corners, hellmonk_ecumenical_altar_heavens_door
D:3:      layout_basic, lemuel_tele_altar, uniq_crazy_yiuf_cottage
D:4:      layout_basic
D:5:      layout_loops_ring, fountainhead
D:6:      layout_cave_pools, amcnicky_mini_rare_corridor_liquid, uniq_pikel
D:7:      layout_gridville, minmay_temple_entry_ruins, minmay_hedge_maze,
          uniq_maggie, uniq_duvessa
D:8:      layout_basic, due_lair_maze_entry_diamond,
          chequers_serial_rivers_large_a, moated_statue,
          kennysheep_windowed_goal
D:9:      layout_rooms, hellmonk_bongcloud_opening, uniq_maurice
D:10:     layout_loops_ring, uniq_urug, uniq_erolcha
D:11:     layout_irregular_city, orc_0_dummy, fedhas_altar_1
D:12:     layout_loops_corners, uniq_rupert, uniq_jorgrun, uniq_psyche
D:13:     layout_rooms, ebering_ghost_reflecting_pool,
          portal_ice_cave_entry_imps, minivault_22
D:14:     layout_rooms, lightli_vaults_fourway_checkpoint,
          nicolae_lava_and_water, corner_web_ring, uniq_josephine
D:15:     grunt_enter_depths_snipers, layout_rooms, palyth_stone_intersect
Lair:1:   layout_loops_ring, grunt_megastairs_5, lemuel_fruit_tree,
          serial_bayou_shore_b
Lair:2:   layout_chaotic_city, skrybe_swamp_entry_bodies, dummy_spider_entry,
          grunt_megastairs_3
Lair:3:   layout_regular_city, serial_bayou_lake_a, uniq_prince_ribbit2
Lair:4:   layout_big_grid, uniq_sonja
Lair:5:   layout_regular_city, infiniplex_staircase_pool_2, grunt_megastairs_4
Lair:6:   hellmonk_lair_end_abyssal_woods, layout_regular_city,
          minmay_slime_entry_oklob_enclosed, serial_bayou_lagoon_b
Swamp:1:  layout_basic_swamp, hangedman_swamp_ruin_wall,
          hangedman_swamp_phenomena, uniq_mlioglotl, uniq_donald
Swamp:2:  layout_basic_swamp, evilmike_swamp_ruin_house_6,
          cheibrodos_swamp_minitomb, uniq_aizul
Swamp:3:  layout_falls_marsh, nicolae_swamp_bean_lake, swamp_pool3,
          nicolae_swamp_snake_nest, uniq_bai_suzhen
Swamp:4:  swamp_vile, layout_basic_swamp
Spider:1: layout_spider_delve
Spider:2: layout_spider_delve
Spider:3: layout_spider_delve, nicolae_spider_undead_wolf_pack
Spider:4: grunt_spider_rune_circles, nicolae_spider_checkerboard, uniq_mara,
          uniq_kirke
Orc:1:    layout_caves, uniq_erica, uniq_fannar
Orc:2:    grunt_orc_cross, layout_diamond_mine, special_room, abandoned_shop
Elf:1:    minmay_elf_arrival_summoners, layout_gridlike, basic_altar,
          serial_shops, shop, hangedman_elf_disciples, lemuel_statue_altar
Elf:2:    nicolae_elf_blades_splatter_lattice [nicolae_blade_entry_pointy_end],
          layout_gridlike, mu_enter_wizlab_5, drop_trap,
          serial_sigils_hangedman_writhe, nicolae_elf_martial_mastery
Elf:3:    grunt_elf_hall_asides, layout_loops_cross, serial_shops,
          shop_fountains, nicolae_elf_vaults_five_recruitment_drive,
          uniq_asterion
Vaults:1: st_lines, v_misc_23, ontoclasm_vaults_ring_square, v_misc_24,
          vaults_room_fancy_cross, nicolae_vaults_little_ls,
          hangedman_vaults_pinch, vaults_mumra_minichess, v_misc_13,
          nicolae_vaults_three_branches, vaults_dpeg_doors, layout_vaults_ring
Vaults:2: vaults_room_fours, nicolae_vaults_little_squares_2,
          nicolae_vaults_little_squares_3, vaults_room_stairs_pillars,
          vaults_room_fours, st_spiral_rooms, minmay_crypt_entry_simple_sparse,
          ontoclasm_vaults_misaligned, v_alt_pattern_1,
          hangedman_vaults_river_flow, hangedman_vaults_corner,
          ontoclasm_vaults_ring_square, hangedman_vaults_slice,
          layout_vaults_maze_bifur, uniq_frederick
Vaults:3: vaults_mumra_hex, nicolae_vaults_yaktaur_gun_rack,
          vaults_room_stairs_pillars, nicolae_vaults_border_crossing,
          nicolae_vaults_diagonal_hallway_7, layout_vaults_omnigrid,
          enter_trove_0
Vaults:4: v_misc_12, vaults_room_fours, nicolae_vaults_specimen_jars,
          vaults_dpeg_diagonal, vaults_mumra_minichess_inversion, v_misc_27,
          vaults_standard_mumra_x, ontoclasm_vaults_gateway,
          nicolae_vaults_network_barrier, nicolae_vaults_diagonal_hallway_9,
          vaults_room_semicircle, ontoclasm_vaults_twist,
          layout_vaults_chaotic_city, serial_shops, bzr_entry_road, uniq_margery
Vaults:5
Depths:1: layout_gridlike, pan_entry, abyss_entry_crystal, serial_bayou_ford_a,
          hell_entry, kb_rosetta
Depths:2: little_maze_vault, layout_small_grid, enter_ziggurat_c, abyss_entry,
          grunt_dithmenos_smoke_and_mirrors, serial_glass, glass_columns_c,
          glass_columns_a, hellmouth_1, rand_demon_pan_entry_8,
          lemuel_zombie_altar_kikubaaqudgha, firewood_loft,
          serial_bayou_shore_b, infiniplex_staircase_x, minmay_shop_grove
Depths:3: evilmike_iron_armoury, layout_cave_pools, grunt_metal_band,
          grunt_decor_arrowhead, rand_demon_pan_entry_1, onia_ninara_cookie,
          infiniplex_staircase_star, grunt_megastairs_2
Depths:4: kennysheep_big_flooded_room, layout_cave_shapes, abyss_entry,
          grunt_pan_entry_zigzag, pf_hell_entry_great_geh,
          kennysheep_another_room, minmay_staircase_statues
Depths:5: grunt_zot_entry_gee_three, layout_honeycomb, pf_coc_iceberg,
          minmay_misc_feat_five, nicolae_qazlal_general_emergency,
          serial_bayou_shore_b

Skill      XL: |  1  2  3  4  5  6  7  8  9 10 11 12 13 14 15 16 17 18 19 20 21 22 |
---------------+-------------------------------------------------------------------+-----
Spellcasting   | 2 3 4 5 6 7 8 9 10 11 12 14 15 16 18 19 | 19.6
Conjurations   | 4 5 6 7 8 9 10 11 12 13 14 15 16 17 | 17.3
Dodging        | 2 3 4 5 6 7 8 9 10 | 10.0
Fighting       | 1 2 3 4 5 6 7 8 9 10 | 10.0
Staves         | 1 2 3 4 5 6 7 8 9 10 | 10.0
Armour         | 1 2 3 |  3.2
Evocations     | 1 2 3 4 5 6 7 8 9 10 | 10.0
Ice Magic      | 1 2 3 4 5 6 7 8 9 10 11 12 13 14 15 | 15.7
Transmutations | 1 2 4 5 6 7 8 9 10 | 10.0
Earth Magic    | 1 2 4 5 6 7 8 9 11 12 13 14 15 | 15.5
Shields        | 3 4 |  4.0
Stealth        | |  1.7

Action                   |  1- 3 |  4- 6 |  7- 9 | 10-12 | 13-15 | 16-18 | 19-21 | 22-24 || total
-------------------------+-------+-------+-------+-------+-------+-------+-------+-------++-------
Melee: Hand axe          |    13 |    12 |       |       |       |       |       |       ||    25
       Quarterstaff      |       |     5 |    25 |   145 |   322 |       |       |       ||   497
       Staff             |       |       |       |       |   300 |   420 |   161 |    29 ||   910
Throw: Dart              |       |       |       |       |     1 |       |       |       ||     1
 Cast: Magic Dart        |    80 |    70 |    98 |   111 |    20 |       |       |       ||   379
       Searing Ray       |     5 |    15 |    56 |    64 |    17 |       |       |       ||   157
       Ozocubu's Armour  |       |     2 |    15 |    42 |    30 |     3 |     1 |       ||    93
       Hailstorm         |       |       |       |    89 |   243 |   130 |    34 |    12 ||   508
       Iskenderun's Myst |       |       |       |    32 |   102 |    51 |    11 |    13 ||   209
       Statue Form       |       |       |       |     1 |    79 |   101 |    47 |    16 ||   244
       Iron Shot         |       |       |       |       |    62 |   330 |   232 |    30 ||   654
       Ozocubu's Refrige |       |       |       |       |       |    34 |   147 |    64 ||   245
       Orb of Destructio |       |       |       |       |       |     1 |       |       ||     1
       Lee's Rapid Decon |       |       |       |       |       |       |    51 |    35 ||    86
       Lehudib's Crystal |       |       |       |       |       |       |     8 |    24 ||    32
       Shatter           |       |       |       |       |       |       |       |     4 ||     4
 Abil: End Transformatio |       |       |       |       |     1 |       |       |       ||     1
Evoke: Wand              |       |       |       |    23 |    21 |    20 |    12 |     5 ||    81
       Condenser vane    |       |       |       |       |     2 |     1 |     2 |     1 ||     6
       Phial of floods   |       |       |       |       |     1 |     1 |       |       ||     2
       Tin of tremorston |       |       |       |       |       |       |       |     1 ||     1
  Use: Scroll            |       |       |       |    21 |    12 |    12 |     2 |     7 ||    54
       Potion            |       |       |       |     7 |     4 |     2 |     2 |     6 ||    21
 Stab: Paralysed         |       |       |       |     3 |       |       |       |       ||     3
       Confused          |       |       |       |       |     1 |       |       |       ||     1
       Invisible         |       |       |       |       |       |     1 |       |       ||     1
Armor: Robe              |     7 |    10 |    13 |       |    16 |    20 |    10 |     9 ||    85
       Steam dragon scal |       |       |    12 |   102 |    67 |       |       |       ||   181
       Skin              |       |       |       |     8 |   704 |   450 |   111 |    64 ||  1337
Dodge: Dodged            |     9 |    15 |    58 |   155 |  1033 |   560 |   162 |    74 ||  2066
Block: Buckler           |       |       |       |       |       |   221 |   171 |    37 ||   429
       Reflection        |       |       |       |       |       |    39 |    21 |     9 ||    69

Table legend: (Time is in decaauts)
 A = Elapsed time spent in this place.
 B = Non-inter-level travel time spent in this place.
 C = Inter-level travel time spent in this place.
 D = Time resting spent in this place.
 E = Time spent auto-exploring this place.
 F = Levels seen in this place.
 G = Mean time per level.
                   A        B        C        D        E       F      G
               +--------+--------+--------+--------+--------+-----+--------+
         Total |  88389 |  82932 |   5457 |  39238 |  26957 |  47 | 1880.6 |
       Dungeon |  23183 |  20967 |   2216 |   8039 |   9853 |  15 | 1545.5 |
          Lair |  13425 |  12361 |   1064 |   6483 |   3534 |   6 | 2237.5 |
         Swamp |   8843 |   8608 |    235 |   5129 |   1671 |   4 | 2210.8 |
   Spider Nest |   7598 |   7382 |    216 |   3588 |   1728 |   4 | 1899.5 |
  Orcish Mines |   3801 |   3441 |    360 |   1620 |    586 |   2 | 1900.5 |
   Elven Halls |   7325 |   6945 |    380 |   3391 |   1966 |   3 | 2441.7 |
        Vaults |  10881 |  10421 |    460 |   4784 |   3821 |   5 | 2176.2 |
        Depths |  11636 |  11114 |    522 |   5406 |   3790 |   5 | 2327.2 |
        Bazaar |    291 |    291 |      0 |      0 |      0 |   1 |  291.0 |
      Ice Cave |   1374 |   1374 |      0 |    795 |      4 |   1 | 1374.0 |
        Wizlab |     27 |     27 |      0 |      0 |      0 |   1 |   27.0 |
               +--------+--------+--------+--------+--------+-----+--------+

Top non-repeatable levels by time:
  Lair:6: 3932 daAuts
Vaults:1: 3249 daAuts
Depths:2: 3245 daAuts
Spider:4: 3020 daAuts
   Elf:2: 2837 daAuts
Depths:1: 2810 daAuts
Spider:3: 2808 daAuts
Vaults:2: 2775 daAuts
   Elf:3: 2698 daAuts
    D:12: 2627 daAuts
     D:8: 2625 daAuts
Vaults:4: 2588 daAuts
 Swamp:4: 2500 daAuts
  Lair:2: 2437 daAuts
 Swamp:2: 2363 daAuts
